 Dungeon Crawl Stone Soup version 0.18.1-50-g88ac8fd (webtiles) character file.

8640 Amnesiac the Slicer (level 11, 0/56 HPs)
             Began as a Vine Stalker Fighter on Mar 10, 2018.
             Was a High Priest of Pakellas.
             Killed from afar by an orc sorcerer (26 damage)
             ... with a bolt of negative energy
             ... led by an orc warlord
             ... on level 2 of the Orcish Mines.
             The game lasted 00:29:54 (10054 turns).

Amnesiac the Slicer (Vine Stalker Fighter)         Turns: 10054, Time: 00:29:54

Health: 0/56       AC: 14    Str: 24    XL:     11   Next: 34%
Magic:  0/18       EV:  9    Int:  6    God:    Pakellas [*****.]
Gold:   1502       SH: 10    Dex: 13    Spells: 0 memorised, 10 levels left

rFire  + . .     SeeInvis .     a - +2 dagger (venom)
rCold  . . .     Gourm    .     N - +3 scale mail
rNeg   . . .     Faith    .     c - +0 shield
rPois  .         Spirit   +     Y - +0 helmet
rElec  .         Dismiss  .     z - +0 cloak
rCorr  .         Reflect  .     Z - +1 pair of gloves {Str+3}
SustAt .         Harm     .     (no boots)
MR     ++...                    (no amulet)
Stlth  ..........               W - ring of protection from fire
                                A - ring of protection from magic

@: heavily drained, very resistant to hostile enchantments, extremely unstealthy
A: fangs 3, clumsy 1, dopey 1, regeneration 2, magic shield, antimagic bite, no
device heal 3, rot immunity
a: Quick Charge, Device Surge, Renounce Religion


You were on level 2 of the Orcish Mines.
You worshipped Pakellas.
Pakellas was extremely pleased with you.
You were not hungry.

You visited 2 branches of the dungeon, and saw 11 of its levels.
You also visited: Sewer.

You collected 1736 gold pieces.
You spent 234 gold pieces at shops.

Inventory:

Hand Weapons
 a - a +2 dagger of venom (weapon)
 w - a +0 blowgun
Missiles
 k - 14 poisoned needles
 I - 5 needles of frenzy
Armour
 c - a +0 shield (worn)
 z - a +0 cloak (worn)
 N - a +3 scale mail (worn)
 Y - a +0 helmet (worn)
 Z - a +1 pair of gloves of strength (worn)
Rods
 b - a +7 iron rod (13/13)
   (Pakellas gifted it to you on level 8 of the Dungeon)
Jewellery
 A - a ring of protection from magic (left hand)
 W - a ring of protection from fire (right hand)
Wands
 g - a wand of confusion (18/48)
 m - a wand of enslavement (11/24)
 s - a wand of acid (13/15)
 H - a wand of disintegration (5/24)
 Q - a wand of iceblast (13/15)
Scrolls
 e - 3 scrolls of remove curse {!r}
 r - a scroll of fog {!r}
 y - a scroll of teleportation {!r}
 E - 2 scrolls of magic mapping {!r}
Potions
 d - 5 potions of might {!q}
 j - a potion of resistance {!q}
 l - a potion of mutation {!q, unknown}
 q - 2 potions of cure mutation {!q}
 C - 6 potions of curing {!q}
 D - a potion of haste {!q}
 P - 3 potions of brilliance {!q}
 U - 2 potions of magic {!q}
Miscellaneous
 F - a phantom mirror
 L - a stone of tremors
 T - a plain deck of summoning {drawn: 3}
Comestibles
 f - 4 bread rations
 h - 3 chunks of flesh
 i - 5 meat rations
 x - 2 beef jerkies
 G - a royal jelly


   Skills:
 + Level 5.9(4.2) Fighting
 - Level 8.0(6.2) Short Blades
 + Level 5.6(3.9) Armour
 + Level 5.4(3.7) Dodging
 + Level 6.1(4.4) Shields
 - Level 8.0(6.2) Evocations


You had 10 spell levels left.
You didn't know any spells.

Dungeon Overview and Level Annotations

Branches:
Dungeon (9/15)             Temple (0/1) D:6            Lair (0/8) D:8
    Orc (2/2) D:9             Elf (0/3) Orc:2

Altars:
Cheibriados
Dithmenos
Gozag
Makhleb
Nemelex Xobeh
Okawaru
Pakellas
Sif Muna
Yredelemnul
Beogh

Shops:
D:9 [

Annotations:
Orc:2 Maud, Nergalle


Innate Abilities, Weirdness & Mutations

You have razor-sharp teeth.
You heal very quickly.
When hurt, damage is shared between your health and your magic reserves.
Your bite disrupts and absorbs the magic of your enemies.
Potions and wands cannot restore your health.
You are immune to rotting.
You are clumsy. (Dex -2)
You are dopey. (Int -2)


Message History

Zapping:
m - a wand of enslavement (12/24)
Press: ? - help, Shift-Dir - straight line, f - orc sorcerer, p - Nergalle
Aim: an orc sorcerer, wielding a dagger and wearing a glowing robe (lightly wounded, lightly drained, chance to defeat MR: 44%)
The orc sorcerer resists with some effort.
This wand has 11 charges left.
The orc priest shouts!
The spectral orc barely misses you.
The orc priest looks braver for a moment.
Nergalle casts a spell at the spectral orc warrior.
The spectral orc warrior seems to speed up.
Read which item? (? for menu, Esc to quit)
Okay, then.
Read which item? (? for menu, Esc to quit)
Really read
B - a scroll of fear {!r}?
As you read the scroll of fear {!r}, it crumbles to dust.
You assume a fearsome visage.
The spectral orc warrior is unaffected.
The spectral orc is unaffected. x3; The orc warlord looks frightened!
The orc sorcerer looks frightened!
Nergalle looks frightened!
The orc priest looks frightened!
The spectral orc warrior hits you but does no damage.
The orc sorcerer casts a spell.
The spectral orc hits you but does no damage.
Nergalle casts a spell.
Nergalle stands defiantly in death's doorway!
You block the spectral orc's attack.
The spectral orc warrior hits you from afar with a halberd of flaming.
* * * LOW HITPOINT WARNING * * *
You feel drained.
Nergalle looks more healthy.
Cornered, the orc sorcerer turns to fight!
The orc sorcerer gestures wildly while chanting.
The spectral orc barely misses you.
The orc warlord roars a battlecry!
The orc sorcerer goes into a battle-frenzy!
The spectral orc hits you but does no damage.
The neqoxec gestures at you.
Strange energies course through your body.
You feel clumsy.
You hear a shout!
Evoke which item? (* to show all) (? for menu, Esc to quit)
Zapping:
s - a wand of acid (14/15)
Press: ? - help, Shift-Dir - straight line, f/p - orc sorcerer
Aim: an orc sorcerer, wielding a dagger and wearing a glowing robe (lightly wounded, unusually strong, lightly drained)
The bolt of acid hits the orc sorcerer.
The acid corrodes the orc sorcerer!
The orc sorcerer is heavily wounded.
The bolt of acid hits the spectral orc warrior.
The spectral orc warrior is heavily damaged.
This wand has 13 charges left.
The spectral orc warrior hits you from afar with a halberd of flaming.
* * * LOW HITPOINT WARNING * * *
The spectral orc warrior burns you.
The orc sorcerer hits you but does no damage.
The spectral orc closely misses you.
The spectral orc hits you but does no damage.
The neqoxec gestures at you.
Strange energies course through your body.
You feel stupid.
You barely miss the orc sorcerer.
The orc sorcerer is heavily wounded.
You block the spectral orc warrior's attack.
The orc sorcerer points at you and mumbles some strange words.
The bolt of negative energy hits you!
You feel drained.
You die...
Pakellas says: Back to the drawing board!

....# #8...8# #.......... ...Z#
###...%.#### #..........
...o####.##.[...#..#####.#.......
........##..((...................
..#.........[#.#.........).#.....
...........).##.............#....
...................[.........#...
.................Z3.[.......###..
................@Z.o...)..##.....
.......#........Zo..)..[##.......
....()..........3.Z.[..<).......#
....................o......##....
.................#....#.[..###...
............................# #..
...........................## #.
#................#....#....## .
................#...........##


You could see an orc warlord (fleeing), Nergalle (fleeing), 3 spectral orcs, a
spectral orc warrior, 2 neqoxecs and an orc sorcerer.

Vanquished Creatures
  An orc high priest (Orc:1)
  The ghost of Amnesiac the Slicer, a novice VSFi of Gozag (D:6)
  An orc sorcerer (Orc:2)
  A rime drake (D:8)
  2 trolls (Orc:1)
  The ghost of Amnesiac the Cutter, an amateur MfFi of Gozag (D:3)
  Edmund (D:5)
  17 orc warriors
  3 slaves (D:7)
  Purgy (Sewer)
  3 phantoms
  A sky beast (D:7)
  A black bear (D:9)
  6 ogres
  2 centaurs
  3 giant frogs
  5 scorpions
  4 killer bees
  4 crimson imps
  2 jellies
  3 hounds
  13 orc priests
  A giant frog zombie (D:6)
  Crazy Yiuf (D:2)
  3 iguanas
  15 orc wizards
  7 worker ants
  A hound skeleton (D:5)
  3 worker ant zombies
  3 gnolls (D:9)
  A howler monkey skeleton (D:7)
  16 adders
  4 river rats (D:8)
  A shadow imp (D:5)
  An ooze (D:2)
  4 adder skeletons
  3 worms
  A dart slug (D:2)
  5 giant geckos
  57 orcs
  3 ball pythons
  6 giant cockroaches
  5 goblins
  6 hobgoblins
  20 jackals
  6 kobolds
  3 quokkas
  A ball python skeleton (D:5)
  26 bats
  8 giant newts
  2 gnoll zombies (D:2)
  23 rats
  2 fungi
314 creatures vanquished.

Vanquished Creatures (collateral kills)
  Pikel (D:7)
  An orc knight (Orc:2)
  A troll (Orc:2)
  4 orc warriors (Orc:2)
  2 killer bees (D:7)
  An orc priest (D:9)
  An orc (D:9)
11 creatures vanquished.

Vanquished Creatures (others)
  An orc knight (Orc:2)
  A slave (D:7)
  The ghost of Amnesiac the Sneak, an amateur VSFi (D:4)
  2 killer bees (D:7)
  An orc priest (Orc:2)
  An orc wizard (Orc:2)
  A fungus (D:2)
8 creatures vanquished.

Grand Total: 333 creatures vanquished

Notes
Turn   | Place    | Note
--------------------------------------------------------------
     0 | D:1      | Amnesiac the Vine Stalker Fighter began the quest for the Orb.
     0 | D:1      | Reached XP level 1. HP: 11/11 MP: 2/2
   180 | D:1      | Reached XP level 2. HP: 16/16 MP: 3/3
   196 | D:2      | Reached skill level 1 in Dodging
   221 | D:2      | Found a deep blue altar of Sif Muna.
   304 | D:3      | Found a burning altar of Makhleb.
   444 | D:4      | Noticed an ogre
   746 | D:4      | Reached skill level 1 in Evocations
   746 | D:4      | Reached XP level 3. HP: 16/19 MP: 1/5
   816 | D:4      | Noticed Amnesiac's ghost (amateur VSFi)
   934 | D:4      | Your ally Amnesiac died
   934 | D:4      | Reached XP level 4. HP: 8/23 MP: 1/7
  1057 | D:4      | Killed an ogre
  1057 | D:4      | Reached XP level 5. HP: 27/27 MP: 7/9
  1060 | D:4      | Noticed a phantom
  1115 | D:4      | Killed a phantom
  1115 | D:4      | Gained mutation: You heal very quickly. [Vine Stalker growth]
  1115 | D:4      | Reached XP level 6. HP: 21/32 MP: 8/10
  1205 | D:4      | Found an oddly glowing altar of Pakellas.
  1209 | D:4      | Became a worshipper of Pakellas the Inventive
  1658 | D:2      | Found a basalt altar of Yredelemnul.
  1826 | D:2      | Reached * piety under Pakellas
  1826 | D:2      | Received a gift from Pakellas
  2271 | D:2      | Noticed Crazy Yiuf
  2279 | D:2      | Killed Crazy Yiuf
  2902 | D:3      | Reached ** piety under Pakellas
  2902 | D:3      | Received a gift from Pakellas
  2981 | D:3      | Noticed Amnesiac's ghost (amateur MfFi)
  3005 | D:3      | Killed Amnesiac's ghost
  3005 | D:3      | Reached XP level 7. HP: 31/35 MP: 9/11
  3187 | D:4      | Found an opulent altar of Gozag.
  3519 | D:4      | Reached skill level 5 in Short Blades
  3619 | D:5      | Entered Level 5 of the Dungeon
  3709 | D:5      | Noticed Edmund
  3759 | D:5      | Killed Edmund
  3759 | D:5      | Reached skill level 5 in Evocations
  3913 | D:5      | Gained mutation: You have razor-sharp teeth. [Vine Stalker growth]
  3913 | D:5      | Reached XP level 8. HP: 39/39 MP: 13/13
  4171 | D:5      | Found a snail-covered altar of Cheibriados.
  4592 | D:6      | Noticed Amnesiac's ghost (novice VSFi)
  4609 | D:6      | Killed Amnesiac's ghost
  4676 | D:6      | Reached XP level 9. HP: 42/43 MP: 7/15
  4804 | D:6      | Found a shadowy altar of Dithmenos.
  4886 | D:6      | Found a staircase to the Ecumenical Temple.
  4927 | D:6      | Reached *** piety under Pakellas
  4927 | D:6      | Received a gift from Pakellas
  5107 | D:6      | Found a glowing drain.
  5140 | Sewer    | Entered a sewer
  5182 | Sewer    | Noticed Purgy
  5186 | Sewer    | Killed Purgy
  6139 | D:7      | Reached **** piety under Pakellas
  6139 | D:7      | Received a gift from Pakellas
  6222 | D:7      | Noticed Pikel
  6283 | D:7      | Killed Pikel
  6290 | D:7      | Reached XP level 10. HP: 32/49 MP: 13/17
  6760 | D:8      | Reached ***** piety under Pakellas
  6760 | D:8      | Received a gift from Pakellas
  6884 | D:8      | Found a staircase to the Lair.
  6896 | D:8      | Got a sheer robe
  6948 | D:8      | Identified the +1 robe of the Cicada {rF+ Int+2 Stlth+} (You found it on level 8 of the Dungeon)
  7059 | D:8      | Found a sparkling altar of Nemelex Xobeh.
  7265 | D:9      | Found Saaskor's Antique Armour Shoppe.
  7272 | D:9      | Bought a pair of runed gloves for 117 gold pieces
  7283 | D:9      | Bought a shiny buckler for 117 gold pieces
  7519 | D:9      | Found an iron altar of Okawaru.
  7929 | D:9      | Found a staircase to the Orcish Mines.
  8161 | Orc:1    | Entered Level 1 of the Orcish Mines
  8399 | Orc:2    | Entered Level 2 of the Orcish Mines
  8420 | Orc:2    | Reached skill level 5 in Shields
  8504 | Orc:2    | Noticed an orc warlord
  8533 | Orc:2    | Noticed Maud
  8947 | Orc:1    | Reached skill level 5 in Fighting
  9004 | Orc:1    | Reached skill level 5 in Armour
  9258 | Orc:2    | Reached XP level 11. HP: 56/56 MP: 18/18
  9289 | Orc:2    | Noticed an orc knight
  9294 | Orc:2    | Noticed an orc sorcerer
  9297 | Orc:2    | Noticed a sixfirhy
  9298 | Orc:2    | Killed an orc knight
  9298 | Orc:2    | Reached skill level 5 in Dodging
  9299 | Orc:2    | Paralysed by an orc sorcerer for 3 turns
  9376 | Orc:2    | Found a staircase to the Elven Halls.
  9470 | Orc:2    | Noticed an orc knight
  9520 | Orc:2    | Noticed Nergalle
  9530 | Orc:2    | Noticed a soul eater
  9530 | Orc:2    | Noticed a sun demon
  9531 | Orc:2    | Noticed an orc knight
  9547 | Orc:2    | Noticed an orc sorcerer
  9553 | Orc:2    | Noticed an orc high priest
  9586 | Orc:2    | Found a roughly hewn altar of Beogh.
  9827 | Orc:2    | Killed an orc sorcerer
  9846 | Orc:2    | Noticed a sixfirhy
  9853 | Orc:2    | Noticed a sixfirhy
  9853 | Orc:2    | Noticed a sixfirhy
  9864 | Orc:1    | Killed an orc high priest
 10052 | Orc:2    | Gained mutation: You are clumsy. (Dex -2) [a neqoxec]
 10053 | Orc:2    | Gained mutation: You are dopey. (Int -2) [a neqoxec]
 10054 | Orc:2    | Killed from afar by an orc sorcerer

Skill      XL: |  1  2  3  4  5  6  7  8  9 10 11 |
---------------+----------------------------------+-----
Short Blades   | 2 3 4 5 7 8 |  8.0
Dodging        | 1 3 4 5 |  5.4
Evocations     | 1 3 4 5 7 8 |  8.0
Shields        | 3 5 6 |  6.1
Fighting       | 3 5 |  5.9
Armour         | 3 5 |  5.6

Action                   |  1- 3 |  4- 6 |  7- 9 | 10-12 || total
-------------------------+-------+-------+-------+-------++-------
Melee: Rapier            |    75 |   202 |   496 |   210 ||   983
       Bite              |    21 |    67 |   165 |   198 ||   451
       Dagger            |       |       |       |   293 ||   293
 Fire: Blowgun           |    18 |     8 |       |       ||    26
Invok: Quick Charge      |       |       |    11 |     8 ||    19
Evoke: Wand              |     2 |     3 |    25 |    74 ||   104
       Deck              |       |       |       |     3 ||     3
       Rod               |       |       |       |     2 ||     2
  Use: Scroll            |       |       |       |    23 ||    23
       Potion            |       |       |       |     1 ||     1
 Stab: Confused          |       |     4 |     6 |     2 ||    12
       Distracted        |       |       |       |     2 ||     2
  Eat: Chunk             |       |     7 |    13 |    15 ||    35
Armor: Scale mail        |    50 |    55 |   225 |   156 ||   486
Dodge: Dodged            |    29 |    49 |   150 |   133 ||   361
Block: Shield            |    55 |    93 |   182 |   220 ||   550
